 Dungeon Crawl Stone Soup version 0.29-a0-559-g359e09b9d1 (webtiles) character file.

Game seed: 5664761333482307479

273 Bruhh the Ogre Mage (level 6, 0/53 HPs)
             Began as an Ogre Air Elementalist on June 10, 2022.
             Slain by a dart slug (2 damage)
             ... on level 4 of the Dungeon.
             The game lasted 00:04:00 (4861 turns).

Bruhh the Ogre Mage (Ogre Air Elementalist)         Turns: 4861, Time: 00:04:01

Health: 0/53       AC:  3    Str: 13    XL:     6   Next: 24%
Magic:  5/12       EV:  9    Int: 18    God:
Gold:   126        SH:  0    Dex:  9    Spells: 11/14 levels left

rFire   + . .      SeeInvis .   i - +0 war axe
rCold   . . .      Faith    +   (no shield)
rNeg    . . .      Spirit   .   a - +0 robe
rPois   .          Reflect  .   (helmet restricted)
rElec   .          Harm     .   (no cloak)
rCorr   .          Rampage  .   (gloves unavailable)
Will    .....                   (boots unavailable)
Stlth   +.........              g - amulet "Anevvoff" {Faith rF+ Slay+2}
HPRegen 0.17/turn               (no ring)
MPRegen 0.13/turn               (no ring)

@: brilliant, attractive
A: large, unfitting armour, tough skin 1
a: no special abilities


You were on level 4 of the Dungeon.
You visited 1 branch of the dungeon, and saw 4 of its levels.

You collected 126 gold pieces.

Inventory:

Hand Weapons
 i - a +0 war axe (weapon)
Armour
 a - a +0 robe (worn)
Jewellery
 c - a ring of fire
 g - the amulet "Anevvoff" (around neck) {Faith rF+ Slay+2}
   (You found it on level 2 of the Dungeon)

   [amulet of faith]

   It allows you to gain divine favour quickly.
   Slay:      It affects your accuracy & damage with ranged weapons and melee
   (+2).
   rF:        It protects you from fire.
Scrolls
 b - 4 scrolls of enchant weapon {unknown}
 e - 7 scrolls of identify {unknown}
 f - a scroll of amnesia {unknown}
 h - a scroll of blinking {unknown}
 l - 2 scrolls of fear {unknown}
 m - a scroll of summoning {unknown}
 n - a scroll of brand weapon {unknown}
 p - a scroll of enchant armour {unknown}
 r - a scroll of vulnerability {unknown}
 s - a scroll of poison {unknown}
Potions
 d - 2 potions of cancellation
 j - 2 potions of magic
 o - a potion of berserk rage
 q - a potion of attraction


   Skills:
 - Level 1.7 Dodging
 - Level 1.4 Stealth
 + Level 4.6 Spellcasting
 * Level 4.1 Conjurations
 - Level 3.0 Air Magic


You had 11 spell levels left.
You knew the following spells:

 Your Spells              Type           Power      Damage    Failure   Level
a - Shock                 Conj/Air       100%       1d9       3%          1
b - Static Discharge      Conj/Air       25%        N/A       4%          2

Your spell library contained the following spells:

 Spells                   Type           Power      Damage    Failure   Level
 Swiftness                Air            22%        N/A       12%         3
 Airstrike                Air            11%        N/A       36%         4


Dungeon Overview and Level Annotations

Branches:
Dungeon (4/15)
 Temple: D:4-7

Altars:


Innate Abilities, Weirdness & Mutations

You are too large for most types of armour.
You have tough skin. (AC +1)


Message History

You closely miss the iguana.
The iguana is lightly wounded.
You hit the dart slug. The iguana bites you!
The dart slug briefly extends its eye-stalks.
The dart slug bites you but does no damage.
The iguana bites you. The dart slug bites you.
You are too injured to fight recklessly!
You are too injured to fight recklessly!
You are too injured to fight recklessly!
Casting: Static Discharge (safe; 4% risk of failure)
Confirm with . or Enter, or press ? or * to list all spells.
The dart slug is struck by an arc of lightning.
The dart slug is almost dead.
The lightning grounds out.
The iguana bites you!
* * * LOW HITPOINT WARNING * * *
Unknown command.
Casting: Static Discharge (safe; 4% risk of failure)
Confirm with . or Enter, or press ? or * to list all spells.
The iguana is struck by an arc of lightning.
The iguana is moderately wounded.
The lightning grounds out.
The dart slug launches a dart at you. The slug dart hits you.
* * * LOW HITPOINT WARNING * * *
The iguana bites you.
* * * LOW HITPOINT WARNING * * *
Unknown command.
It was a potion of curing.
You feel better. The iguana closely misses you.
The dart slug bites you but does no damage.
You feel better. The iguana bites you!
* * * LOW HITPOINT WARNING * * *
It was a potion of attraction.
You feel attractive to monsters. The dart slug barely misses you.
The iguana bites you!
* * * LOW HITPOINT WARNING * * *
Your magical contamination has completely faded away.
It was a potion of brilliance.
You feel clever all of a sudden. The iguana closely misses you.
The dart slug bites you.
You die...

###.###.. ..P≈P.#
..... .... ..P..#
##...##.. ...#
##.....#.## ##..#
##(....!...###...#
#.....>.....#....##
'.................#
#.....w....###....#
#....l@.#.# ##.#.#
##.....##......#.#
##...##########.#
##'# #.# ##.# #.#
..# #.# ##.## #.#
##...## ### #<# ..
#..... ##.## #.#


You could see an iguana and a dart slug.

Vanquished Creatures
  An ogre (D:4)
  A centaur (D:3)
  2 adders
  An ufetubus (D:4)
  2 worms (D:2)
  2 dart slugs
  3 endoplasms
  3 giant cockroaches
  8 goblins
  9 hobgoblins
  14 jackals
  7 quokkas
  6 ball pythons
  2 bats (D:1)
  4 frilled lizards
  5 kobolds
  4 rats
74 creatures vanquished.

Vanquished Creatures (others)
  3 plants (D:4)
3 creatures vanquished.

Grand Total: 77 creatures vanquished

Notes
Turn   | Place    | Note
-------+----------+-------------------------------------------
     0 | D:1      | Bruhh the Ogre Air Elementalist began the quest for the
                  | Orb.
     0 | D:1      | Reached XP level 1. HP: 16/16 MP: 3/3
   304 | D:1      | Reached XP level 2. HP: 13/24 MP: 2/5
   688 | D:1      | Learned a level 2 spell: Static Discharge
   823 | D:1      | Reached skill level 1 in Conjurations
  1015 | D:1      | Found a faded altar of an unknown god.
  1357 | D:2      | Reached XP level 3. HP: 31/31 MP: 4/7
  1389 | D:2      | Identified the amulet "Anevvoff" {Faith rF+ Slay+2}
  2680 | D:2      | Reached XP level 4. HP: 37/39 MP: 3/9
  3059 | D:3      | Noticed a centaur
  3066 | D:3      | Killed a centaur
  3067 | D:3      | Reached XP level 5. HP: 28/45 MP: 1/11
  4346 | D:4      | Noticed an ogre
  4350 | D:4      | Killed an ogre
  4351 | D:4      | Reached XP level 6. HP: 20/53 MP: 4/12
  4857 | D:4      | HP: 1/53 [iguana (6)]
  4861 | D:4      | Slain by a dart slug

Illustrated notes

Levels and vault maps discovered:
D:1:      giann_horns, layout_rooms, hellmonk_ecumenical_altar_zigzags
D:2:      layout_basic, minmay_pentomino_pile
D:3:      layout_basic
D:4:      layout_loops_corners, kennysheep_mini_moat, tso_oasis_becter,
          temple_hall, serial_shops, nicolae_shop_overgrown_old_shop

Skill      XL: |  1  2  3  4  5 |
---------------+----------------+-----
Air Magic      | 3 |  3.0
Spellcasting   | 3 4 |  4.6
Conjurations   | 1 2 3 4 |  4.1
Dodging        | |  1.7
Stealth        | |  1.4

Action                   |  1- 3 |  4- 6 || total
-------------------------+-------+-------++-------
Melee: Unarmed           |    22 |       ||    22
       War axe           |     7 |    26 ||    33
 Cast: Shock             |    32 |     1 ||    33
       Static Discharge  |    29 |    39 ||    68
  Use: Potion            |     4 |     4 ||     8
Armor: Robe              |    31 |    25 ||    56
Dodge: Dodged            |    51 |    37 ||    88

Table legend: (Time is in decaauts)
 A = Elapsed time spent in this place.
 B = Non-inter-level travel time spent in this place.
 C = Inter-level travel time spent in this place.
 D = Time resting spent in this place.
 E = Time spent auto-exploring this place.
 F = Levels seen in this place.
 G = Mean time per level.
                   A        B        C        D        E       F      G
               +--------+--------+--------+--------+--------+-----+--------+
         Total |   4891 |   4830 |     61 |    205 |   4080 |   4 | 1222.8 |
       Dungeon |   4891 |   4830 |     61 |    205 |   4080 |   4 | 1222.8 |
               +--------+--------+--------+--------+--------+-----+--------+

Top non-repeatable levels by time:
     D:2: 1509 daAuts
     D:1: 1454 daAuts
     D:3: 1084 daAuts
     D:4: 842 daAuts
